 Dungeon Crawl Stone Soup version 0.20.0-3-g22ec75f (webtiles) character file.

100536 Chiseanne the Severer (level 15, 0/129 HPs)
             Began as a Minotaur Berserker on May 27, 2017.
             Was a High Priest of Trog.
             Slain by a mana viper (14 damage)
             ... on level 1 of the Snake Pit.
             The game lasted 01:18:17 (23769 turns).

Chiseanne the Severer (Minotaur Berserker)         Turns: 23769, Time: 01:18:18

Health: 0/129      AC: 16    Str: 22    XL:     15   Next: 80%
Magic:  0/22       EV: 23    Int:  4    God:    Trog [*****.]
Gold:   607        SH:  0    Dex: 16    Spells: 14/14 levels left

rFire    + . .     SeeInvis .   f - +3 executioner's axe (freeze) {god gift}
rCold    . . .     Gourm    .   (shield currently unavailable)
rNeg     . . .     Faith    .   r - +0 acid dragon scales
rPois    +         Spirit   +   P - +1 hat
rElec    +         Reflect  .   j - +0 cloak
rCorr    +         Harm     .   U - +0 pair of gloves of the Meadowlark {rF+}
MR       ++...                  S - +0 pair of boots
Stlth    +.........             h - amulet of guardian spirit
Regen    0.4/turn               b - ring of poison resistance
MPRegen  0.2/turn               R - ring of Lulel {Wiz rElec MR+}

@: berserk cooldown, starving, slowed, very slow
A: retaliatory headbutt, horns 2, screaming 1
a: Berserk, Trog's Hand, Brothers in Arms, Burn Spellbooks, Renounce Religion


You were on level 1 of the Snake Pit.
You worshipped Trog.
Trog was extremely pleased with you.
You were starving.

You visited 3 branches of the dungeon, and saw 22 of its levels.
You also visited: Sewer and Ossuary.

You collected 1673 gold pieces.
You spent 1066 gold pieces at shops.

Inventory:

Hand Weapons
 a - a +9 antimagic executioner's axe {god gift}
 d - a +4 battleaxe of flaming
 f - a +3 executioner's axe of freezing (weapon) {god gift}
 s - a +6 battleaxe of electrocution {god gift}
Missiles
 k - 7 steel javelins (quivered)
 I - a throwing net
 M - 16 tomahawks of dispersal
Armour
 j - a +0 cloak (worn)
 r - +0 acid dragon scales (worn)
 P - a +1 hat (worn)
 S - a +0 pair of boots (worn)
 U - the +0 pair of gloves of the Meadowlark (worn) {rF+}
   (You acquired it on level 15 of the Dungeon)

   It protects you from fire.
Jewellery
 b - a ring of poison resistance (left hand)
 h - an amulet of guardian spirit (around neck)
 t - an uncursed ring of protection from cold
 O - the ring "Mugurrik" {Fire rN++ MR+}
   (You found it on level 9 of the Dungeon)

   [ring of fire]

   It enhances your fire magic.
   It protects you from fire.
   It makes you vulnerable to cold.
   It greatly protects you from negative energy.
   It affects your resistance to hostile enchantments.
 R - the ring of Lulel (right hand) {Wiz rElec MR+}
   (You bought it in a shop on level 9 of the Dungeon)

   [ring of wizardry]

   It improves your spell success rate.
   It insulates you from electricity.
   It affects your resistance to hostile enchantments.
 Y - an uncursed ring of see invisible
Wands
 o - a wand of digging (16/24)
 J - a wand of confusion (24/48)
 K - a wand of confusion (25/48)
 Z - a wand of lightning (1/15)
Scrolls
 u - 6 scrolls of recharging
 x - 3 scrolls of magic mapping
 D - 3 scrolls of blinking
 G - 8 scrolls of remove curse
 H - 13 scrolls of teleportation
 L - 4 scrolls of fog
 V - a scroll of identify
 X - 3 scrolls of fear
Potions
 e - a potion of might
 i - 4 potions of flight
 l - 2 potions of invisibility
 p - 10 potions of curing
 v - 4 potions of brilliance
 w - 6 potions of magic
 z - a potion of haste
 C - 2 potions of heal wounds
 E - a potion of cancellation
 N - a potion of resistance
Miscellaneous
 T - a phial of floods (inert)
Comestibles
 c - 10 bread rations
 m - 15 royal jellies
 q - 11 meat rations


   Skills:
 - Level 11.0 Fighting
 * Level 16.7 Axes
 * Level 16.5 Armour
 * Level 15.2 Dodging
 * Level 11.0 Evocations


You had 14 spell levels left.
You didn't know any spells.

Dungeon Overview and Level Annotations

Branches:
Dungeon (15/15)            Temple (0/1) D:5            Lair (6/6) D:9
 Shoals (0/4) Lair:4        Snake (1/4) Lair:2        Slime (0/5) Lair:5
    Orc (0/2) D:12         Vaults (0/5) D:13         Depths (0/5) D:15

Altars:
Elyvilon
Fedhas
Gozag
Hepliaklqana
Kikubaaqudgha
Makhleb
Nemelex Xobeh
Okawaru
Qazlal
Ru
Sif Muna
Uskayaw
Xom
Zin
Beogh
Jiyva

Shops:
D:8 }   D:9 =   D:11 *   D:14 }


Innate Abilities, Weirdness & Mutations

You reflexively headbutt those who attack you in melee.
You have a pair of horns on your head.
You occasionally shout uncontrollably at your foes.


Message History

Your skin stops crawling.
You feel less resistant to hostile enchantments.
You feel sick.
You are no longer poisoned.
The salamander hits you with a trident.
You are engulfed in flames!
You resist. The salamander misses you. x2
You slice the salamander!! You freeze the salamander.
You kill the salamander!
Trog accepts your kill.
The salamander hits you from afar with a halberd!
* * * LOW HITPOINT WARNING * * *
You are engulfed in flames.
You resist.
* * * LOW HITPOINT WARNING * * *
The mana viper misses you. The mana viper barely misses you.
The salamander hits you from afar with a halberd!
* * * LOW HITPOINT WARNING * * *
You are engulfed in flames.
You resist.
* * * LOW HITPOINT WARNING * * *
The mana viper bites you!
You die...

# ## ## #.
.#.. . .#. #.
.. #.##.#
#.N..# #S# #
#@# ..#
#.##...#
##.....#
#.####.#
###.#
####...#
#.....## .
#.....# ...
##.#.........


You could see a salamander and a mana viper.

Vanquished Creatures
  Gastronok (D:9)
  Aizul (Snake:1)
  Louise (D:14)
  2 entropy weavers (Lair:5)
  2 dire elephants
  Harold (D:12)
  4 vault guards (D:13)
  Erolcha (D:9)
  A catoblepas (Lair:6)
  An anaconda (Snake:1)
  2 centaur warriors
  3 naga warriors (Snake:1)
  9 hydras
  A death knight (D:14)
  A deep troll shaman (Lair:6)
  An ogre mage (D:15)
  11 two-headed ogres
  11 death yaks
  A queen ant (Lair:5)
  The ghost of gorpus the Thaumaturge, a journeyman OpWz of Ashenzari (D:11)
  A naga sharpshooter (Snake:1)
  A tengu warrior (D:14)
  A shock serpent (Snake:1)
  Nergalle (D:12)
  An unseen horror (D:11)
  A naga ritualist (Snake:1)
  An orc knight (D:14)
  2 mana vipers (Snake:1)
  A wolf spider (D:15)
  3 manticores
  15 ugly things
  A cyclops (D:12)
  2 salamanders
  3 deep elf magi
  10 elephants (Lair:6)
  3 merfolk sirens (Lair:4)
  12 spiny frogs
  9 black mambas
  Psyche (D:8)
  3 rime drakes (Lair:1)
  A kobold demonologist (D:11)
  3 freezing wraiths
  A yaktaur (shapeshifter) (D:15)
  A komodo dragon (Lair:3)
  5 yaktaurs (D:15)
  A merfolk (Lair:4)
  5 trolls
  A queen bee (D:8)
  11 slime creatures
  5 blink frogs (Lair:6)
  8 hippogriffs
  Sigmund (D:3)
  9 wyverns
  A basilisk (shapeshifter) (D:14)
  A water elemental (D:15)
  4 wraiths
  A shadow (D:14)
  2 vampires (D:14)
  5 basilisks
  21 yaks
  Grum (D:9)
  3 hungry ghosts
  3 wargs (D:9)
  7 nagas
  3 vampire mosquitoes (D:15)
  3 acid dragons
  24 soldier ants
  10 porcupines
  7 water moccasins
  4 sky beasts
  A meliai simulacrum (D:15)
  3 black bears
  7 orc warriors
  4 ice beasts
  2 phantoms
  11 ogres
  6 centaurs
  11 crocodiles
  11 wolves
  9 big kobolds
  17 bullfrogs
  A wyvern zombie (D:14)
  A scorpion (D:9)
  A wyvern skeleton (D:13)
  A hornet simulacrum (D:13)
  25 killer bees
  A vampire bat (D:13)
  11 wights
  3 howler monkeys
  5 electric eels
  4 crimson imps
  4 centaur zombies
  A quasit (D:8)
  A bullfrog zombie (D:8)
  4 jellies
  12 orc priests
  6 centaur skeletons
  16 orc wizards
  A gnoll shaman (D:7)
  2 hounds
  2 bullfrog skeletons
  4 iguanas
  28 worker ants
  A killer bee zombie (D:9)
  A hound zombie (D:8)
  2 hound skeletons
  3 mummies (Ossuary)
  A howler monkey skeleton (D:7)
  4 gnolls (D:7)
  A worker ant zombie (D:5)
  16 adders
  5 river rats (Sewer)
  3 shadow imps
  2 white imps (D:15)
  8 oozes
  2 adder skeletons
  14 worms
  A dart slug (D:1)
  2 leopard geckos
  59 orcs
  17 bats
  6 giant cockroaches
  5 gnoll zombies (Ossuary)
  5 goblins
  7 hobgoblins
  14 jackals
  8 quokkas
  5 ball pythons
  6 frilled lizards
  A gnoll skeleton (Ossuary)
  3 goblin skeletons (Ossuary)
  4 goblin zombies (Ossuary)
  A hobgoblin skeleton (Ossuary)
  A hobgoblin zombie (Ossuary)
  A jackal skeleton (D:6)
  A jackal zombie (D:6)
  17 kobolds
  7 kobold skeletons (Ossuary)
  3 kobold zombies (Ossuary)
  2 orc zombies (Ossuary)
  2 quokka skeletons
  7 rats
  A rat skeleton (Ossuary)
  7 rat zombies
  A fungus (Lair:5)
  4 plants
757 creatures vanquished.

Vanquished Creatures (collateral kills)
  A death yak (Lair:4)
1 creature vanquished.

Vanquished Creatures (others)
  Menkaure (Ossuary)
  2 goblin skeletons (Ossuary)
  A goblin zombie (Ossuary)
  A hobgoblin skeleton (Ossuary)
  3 hobgoblin zombies (Ossuary)
  2 kobold skeletons (Ossuary)
  4 orc skeletons (Ossuary)
  3 rat skeletons (Ossuary)
  3 fungi
  3 plants
23 creatures vanquished.

Grand Total: 781 creatures vanquished

Notes
Turn   | Place    | Note
-------+----------+-------------------------------------------
     0 | D:1      | Chiseanne the Minotaur Berserker began the quest for the Orb.
     0 | D:1      | Reached XP level 1. HP: 19/19 MP: 0/0
   103 | D:1      | Reached XP level 2. HP: 15/27 MP: 1/1
   620 | D:1      | Reached ** piety under Trog
   760 | D:2      | Reached XP level 3. HP: 22/33 MP: 2/2
  1532 | D:2      | Found a deep blue altar of Sif Muna.
  1633 | D:2      | Reached XP level 4. HP: 40/40 MP: 3/3
  1802 | D:3      | Found a sacrificial altar of Ru.
  1820 | D:3      | Reached XP level 5. HP: 36/47 MP: 4/4
  2144 | D:3      | Found an ancient bone altar of Kikubaaqudgha.
  2146 | D:3      | Found a hide-covered altar of Uskayaw.
  2149 | D:3      | Noticed Sigmund
  2152 | D:3      | Reached *** piety under Trog
  2175 | D:3      | Killed Sigmund
  2175 | D:3      | Reached skill level 5 in Fighting
  2175 | D:3      | Reached skill level 5 in Axes
  2175 | D:3      | Reached XP level 6. HP: 56/56 MP: 5/5
  2176 | D:3      | Found an iron altar of Okawaru.
  2732 | D:4      | Reached XP level 7. HP: 61/61 MP: 6/6
  2844 | D:4      | Reached skill level 5 in Armour
  2848 | D:4      | Reached skill level 5 in Dodging
  3072 | D:4      | Found a hazy altar of Hepliaklqana.
  3334 | D:5      | Entered Level 5 of the Dungeon
  3675 | D:5      | Reached **** piety under Trog
  3694 | D:5      | Found a glowing drain.
  3703 | Sewer    | Entered a sewer
  3922 | Sewer    | Reached XP level 8. HP: 53/71 MP: 7/7
  4157 | Sewer    | Received a gift from Trog
  4729 | D:5      | Found a blossoming altar of Fedhas.
  4870 | D:5      | Found a staircase to the Ecumenical Temple.
  5185 | D:6      | Found a glowing silver altar of Zin.
  5406 | D:6      | Found a sand-covered staircase.
  5414 | Ossuary  | Entered an ossuary
  5560 | Ossuary  | Reached ***** piety under Trog
  5624 | Ossuary  | Received a gift from Trog
  5625 | Ossuary  | Killed Menkaure
  6033 | D:7      | Reached XP level 9. HP: 79/81 MP: 6/8
  6355 | D:7      | Found an opulent altar of Gozag.
  6479 | D:7      | Found a sparkling altar of Nemelex Xobeh.
  6680 | D:8      | Found Moqabbo Ujor's Gadget Boutique.
  6760 | D:8      | Got a polished leather armour
  7019 | D:8      | Identified the +5 leather armour "Anium" {Str+5 Dex+4} (You found it on level 8 of the Dungeon)
  7073 | D:8      | Noticed Psyche
  7082 | D:8      | Killed Psyche
  7225 | D:8      | Noticed a queen bee
  7239 | D:8      | Killed a queen bee
  7431 | D:8      | Found a stormy altar of Qazlal.
  7613 | D:9      | Found Norch's Jewellery Shop.
  7697 | D:9      | Reached XP level 10. HP: 91/91 MP: 9/9
  7728 | D:9      | Found a shimmering altar of Xom.
  8011 | D:9      | Found a burning altar of Makhleb.
  8012 | D:9      | Found a shimmering altar of Xom.
  8015 | D:9      | Reached skill level 10 in Axes
  8258 | D:9      | Reached skill level 10 in Fighting
  8468 | D:9      | Found a staircase to the Lair.
  8694 | D:9      | Found a white marble altar of Elyvilon.
  8697 | D:9      | Got a faintly glowing jade ring
  8700 | D:9      | Identified the ring "Mugurrik" {Fire rN++ MR+} (You found it on level 9 of the Dungeon)
  8714 | D:9      | Noticed Grum
  8721 | D:9      | Killed Grum
  8899 | D:9      | Noticed Gastronok
  8906 | D:9      | Noticed a two-headed ogre
  8913 | D:9      | Killed a two-headed ogre
  8913 | D:9      | Reached skill level 10 in Armour
  8917 | D:9      | Killed Gastronok
  8917 | D:9      | Reached XP level 11. HP: 102/102 MP: 8/10
  8923 | D:9      | Got a smoking diamond amulet
  8938 | D:9      | Identified the amulet of Sif Muna's Generosity {Regen+ Int+4} (You found it on level 9 of the Dungeon)
  9173 | D:9      | Noticed Erolcha
  9187 | D:9      | Killed Erolcha
  9187 | D:9      | Reached skill level 1 in Evocations
  9459 | D:10     | Entered Level 10 of the Dungeon
 10029 | D:11     | Noticed gorpus's ghost (journeyman OpWz)
 10221 | D:11     | Reached skill level 10 in Dodging
 10249 | D:11     | Noticed a cyan ugly thing
 10254 | D:11     | Noticed a two-headed ogre
 10260 | D:11     | Killed a cyan ugly thing
 10262 | D:11     | Killed a two-headed ogre
 10380 | D:11     | Found Biynekk's Bounteous Boutique.
 10391 | D:11     | Bought a cursed +0 pair of boots for 22 gold pieces
 10465 | D:11     | Found a shimmering altar of Xom.
 10471 | D:11     | Killed an unseen horror
 10783 | D:11     | Killed gorpus's ghost
 10825 | D:11     | Noticed a red ugly thing
 10832 | D:11     | Killed a red ugly thing
 11176 | D:8      | Noticed a deep elf mage
 11180 | D:8      | Noticed a two-headed ogre
 11183 | D:8      | Killed a deep elf mage
 11196 | D:8      | Killed a two-headed ogre
 11196 | D:8      | Reached XP level 12. HP: 110/110 MP: 14/14
 11243 | D:8      | Got a heavily runed zirconium amulet
 11254 | D:8      | Identified the amulet "Ceadao" {Gourm rElec} (You found it on level 8 of the Dungeon)
 11419 | D:9      | Bought the ring of Lulel {Wiz rElec MR+} for 744 gold pieces
 11476 | Lair:1   | Entered Level 1 of the Lair of Beasts
 12081 | Lair:1   | Reached skill level 5 in Evocations
 12575 | Lair:2   | Found a staircase to the Snake Pit.
 12600 | Lair:2   | Noticed an eight-headed hydra
 12612 | Lair:2   | Killed a four-headed hydra
 12840 | Lair:2   | Noticed an eight-headed hydra
 12846 | Lair:2   | Killed an eight-headed hydra
 13507 | Lair:3   | Got a faintly glowing chain mail
 13518 | Lair:3   | Identified the cursed +0 chain mail of the City {*Contam +Blink rPois} (You found it on level 3 of the Lair of Beasts)
 13606 | Lair:3   | Gained mutation: You occasionally shout uncontrollably at your foes. [mutagenic glow]
 14112 | Lair:4   | Noticed a seven-headed hydra
 14122 | Lair:4   | Killed a one-headed hydra
 14201 | Lair:4   | Noticed a death yak
 14204 | Lair:4   | Found a staircase to the Shoals.
 14204 | Lair:4   | Noticed a death yak
 14204 | Lair:4   | Noticed a death yak
 14204 | Lair:4   | Noticed a death yak
 14204 | Lair:4   | Noticed a death yak
 14262 | Lair:4   | Killed a death yak
 14275 | Lair:4   | Killed a death yak
 14275 | Lair:4   | Reached XP level 13. HP: 85/116 MP: 13/16
 14955 | Lair:5   | Found a runed door.
 14956 | Lair:5   | Found a viscous altar of Jiyva.
 14958 | Lair:5   | Found a staircase to the Slime Pits.
 15199 | Lair:5   | Noticed an entropy weaver
 15213 | Lair:5   | Killed an entropy weaver
 15252 | Lair:5   | Noticed an entropy weaver
 15270 | Lair:5   | Killed an entropy weaver
 15721 | Lair:5   | Identified a scroll of acquirement
 15825 | Lair:5   | Received a gift from Trog
 16259 | Lair:6   | Entered Level 6 of the Lair of Beasts
 16836 | Lair:6   | Reached XP level 14. HP: 124/124 MP: 17/19
 17260 | Lair:6   | Got a sheer robe
 17271 | Lair:6   | Identified the +1 robe "Keschup" {rC++ Int+4 Dex+3} (You found it on level 6 of the Lair of Beasts)
 17448 | Lair:6   | Received a gift from Trog
 18179 | D:12     | Reached skill level 15 in Axes
 18295 | D:12     | Noticed Nergalle
 18317 | D:12     | Killed Nergalle
 18699 | D:12     | Found a staircase to the Orcish Mines.
 18716 | D:12     | Noticed Harold
 18726 | D:12     | Killed Harold
 18984 | D:13     | Reached skill level 15 in Armour
 19027 | D:13     | Found a gate to the Vaults.
 19316 | D:13     | Received a gift from Trog
 19320 | D:13     | Found a roughly hewn altar of Beogh.
 20580 | D:14     | Received a gift from Trog
 20605 | D:14     | Found Ixoepouq's Gadget Emporium.
 20621 | D:14     | Reached XP level 15. HP: 127/129 MP: 7/21
 20673 | D:14     | Noticed Louise
 20685 | D:14     | Killed Louise
 20685 | D:14     | Reached skill level 10 in Evocations
 21011 | D:15     | Entered Level 15 of the Dungeon
 21987 | D:15     | Got a pair of faintly glowing gloves
 22069 | D:15     | Identified the +0 pair of gloves of the Meadowlark {rF+} (You acquired it on level 15 of the Dungeon)
 22701 | D:15     | Found a staircase to the Depths.
 23135 | D:9      | Bought an uncursed ring of poison resistance for 300 gold pieces
 23231 | Snake:1  | Entered Level 1 of the Snake Pit
 23248 | Snake:1  | Noticed Aizul
 23258 | Snake:1  | Killed Aizul
 23258 | Snake:1  | Reached skill level 15 in Dodging
 23769 | Snake:1  | Slain by a mana viper

Skill      XL: |  1  2  3  4  5  6  7  8  9 10 11 12 13 14 15 |
---------------+----------------------------------------------+-----
Dodging        | 3 4 5 6 8 9 10 12 13 14 15 | 15.2
Axes           | 4 5 6 8 9 11 12 13 14 15 16 | 16.7
Fighting       | 4 5 6 7 9 11 | 11.0
Armour         | 3 4 6 7 8 10 11 13 14 15 16 | 16.5
Evocations     | 4 6 8 9 11 | 11.0

Action                   |  1- 3 |  4- 6 |  7- 9 | 10-12 | 13-15 || total
-------------------------+-------+-------+-------+-------+-------++-------
Melee: Hand axe          |    73 |     8 |       |    11 |    14 ||   106
       Headbutt          |    14 |    11 |    67 |   123 |   237 ||   452
       War axe           |       |    69 |   418 |   498 |       ||   985
       Mace              |       |       |     2 |       |       ||     2
       Battleaxe         |       |       |       |    41 |   667 ||   708
       Executioner's axe |       |       |       |       |   140 ||   140
 Fire: Shortbow          |       |       |       |     3 |       ||     3
Throw: Tomahawk          |       |     2 |     2 |     5 |       ||     9
Invok: Berserk           |       |     1 |     3 |     5 |    10 ||    19
       Trog's Hand       |       |       |     3 |    16 |    13 ||    32
       Burn Spellbooks   |       |       |       |     1 |     5 ||     6
Evoke: Wand              |       |       |       |    15 |     2 ||    17
       Phial of floods   |       |       |       |     2 |     1 ||     3
  Use: Scroll            |     7 |       |    12 |    11 |    17 ||    47
       Potion            |       |     1 |       |     1 |     3 ||     5
 Stab: Confused          |       |       |       |     3 |     1 ||     4
       Distracted        |       |       |       |       |     1 ||     1
  Eat: Chunk             |     2 |     4 |    19 |    30 |    36 ||    91
       Fruit             |       |       |     2 |       |    10 ||    12
       Royal jelly       |       |       |       |     1 |       ||     1
Armor: Animal skin       |    13 |       |       |       |       ||    13
       Chain mail        |     3 |    43 |   165 |       |    66 ||   277
       Ring mail         |       |       |    32 |   113 |   148 ||   293
       Acid dragon scale |       |       |       |       |    24 ||    24
       Leather armour    |       |       |       |       |     9 ||     9
Dodge: Dodged            |    67 |    35 |   272 |   529 |   999 ||  1902
